 Dungeon Crawl Stone Soup version 0.30-a0-1066-g63dfefce0d (webtiles) character file.

Game seed: 15804251159532611478

2139 qeuew the Trooper (level 9, 0/56 HPs)
             Began as a Gargoyle Fighter on Apr 12, 2023.
             Was an Initiate of Gozag.
             Slain by an orc warrior
             ... wielding the +7 mace of Variability {chaos, chaos arc}
              (16 damage)
             ... in a bailey.
             The game lasted 00:08:00 (5688 turns).

qeuew the Trooper (Gargoyle Fighter)                Turns: 5688, Time: 00:08:01

Health: 0/56       AC: 15    Str: 29    XL:     9   Next: 30%
Magic:  9/9        EV: 16    Int:  8    God:    Gozag
Gold:   477        SH:  5    Dex: 11    Spells: 8/8 levels left

rFire   + . .      SeeInvis .    a - +1 flail
rCold   + . .      Faith    .    c - +0 buckler
rNeg    + . .      Spirit   .    b - +1 scale mail
rPois   ∞          Reflect  .    (no helmet)
rElec   +          Rampage  .    q - scarf {rC+ rF+}
rCorr   .                        (no gloves)
Will    .....                    (no boots) Stlth
                                 (no amulet)
HPRegen 0.29/turn                d - +6 ring of strength
MPRegen 0.11/turn                g - +5 ring of evasion

@: invisible
A: sickness immunity, AC +6, negative energy resistance 1, electricity
resistance, torment resistance 1, petrification resistance
a: Renounce Religion, Potion Petition, Call Merchant, Bribe Branch


You were in a bailey.
You worshipped Gozag.
Gozag was aware of your devotion.
You visited 2 branches of the dungeon, and saw 8 of its levels.
You also visited: Bailey.

You collected 556 gold pieces.
You paid 79 gold pieces to Gozag.

Inventory:

Hand Weapons
 a - a +1 flail (weapon)
Armour
 b - a +1 scale mail (worn)
 c - a +0 buckler (worn)
 q - a scarf of resistance (worn)
Jewellery
 d - a +6 ring of strength (left hand)
 g - a +5 ring of evasion (right hand)
 h - a ring of flight
Wands
 f - a wand of polymorph (6)
 p - a wand of flame (17) (quivered)
Scrolls
 e - a scroll of teleportation
 m - 2 scrolls of enchant weapon
 o - 2 scrolls of enchant armour
 r - a scroll of magic mapping
 t - 2 scrolls of amnesia
Potions
 i - 4 potions of curing
 j - 2 potions of brilliance
 k - 3 potions of ambrosia
 n - 3 potions of flight


   Skills:
 * Level 6.8 Fighting
 * Level 5.7 Maces & Flails
 * Level 6.8 Armour
 + Level 2.9 Dodging
 * Level 6.8 Shields
 + Level 2.5 Evocations


You had 8 spell levels left.
You didn't know any spells.
Your spell library contained the following spells:

 Spells                   Type           Power      Damage    Failure   Level
 Hailstorm                Conj/Ice       0%         3d3       97%         3
 Ice Form                 Ice/Tmut       0%         N/A       100%        4
 Simulacrum               Ice/Necr       Unusable   N/A       N/A         6

Dungeon Overview and Level Annotations

Branches:
Dungeon (7/15)             Temple (1/1) D:5          Bailey (1/1)

Altars:
Ashenzari
Cheibriados
Dithmenos
Elyvilon
Fedhas
Gozag
Hepliaklqana
Kikubaaqudgha
Makhleb
Nemelex Xobeh
Okawaru
Qazlal
Ru
Sif Muna
Trog
Uskayaw
Vehumet
Wu Jian
Xom
Yredelemnul
Zin
The Shining One


Innate Abilities, Weirdness & Mutations

You are immune to sickness and miasma.
Your stone body is resilient. (AC +6)
You are immune to poison.
You resist negative energy. (rN+)
You are resistant to electric shocks. (rElec)
You are resistant to unholy torment.
You are immune to petrification.


Message History

No target in view!
No target in view!
An orc warrior is nearby!
An orc warrior is nearby!
An orc warrior is nearby!
An orc warrior is nearby!
The orc warrior shouts!
Things that are here:
4 gold pieces; a +0 war axe; a +0 scale mail The orc warrior hits you with the +7 mace of Variability {chaos, chaos arc}!
The orc warrior burns you.
You see here a boomerang.
You hit the orc warrior.
The orc warrior is lightly wounded.
The orc warrior misses you.
The orc warrior hits you with the +7 mace of Variability {chaos, chaos arc}!
* * * LOW HITPOINT WARNING * * *
You blink.
You are too injured to fight recklessly!
You are too injured to fight recklessly!
You are too injured to fight recklessly!
You are too injured to fight recklessly!
You are too injured to fight recklessly!
You are too injured to fight recklessly!
You are too injured to fight recklessly!
You are too injured to fight recklessly!
You are too injured to fight recklessly!
You are too injured to fight recklessly!
You are too injured to fight recklessly!
Unknown command.
Press: ? - help, v - describe, . - travel, g - get item
Here: an orc warrior, wielding the +7 mace of Variability {chaos, chaos arc} and wearing a +0 ring mail (lightly wounded) Item here: 2 boomerangs.
The floor.
You fade into invisibility!
You barely miss the orc warrior.
The orc warrior is lightly wounded.
The orc warrior hits you with the +7 mace of Variability {chaos, chaos arc}!
You die...
Your body crumbles into a pile of gold.

##........≈≈≈≈≈≈≈≈≈≈≈≈≈
##......≈≈≈≈≈#########≈≈
###....~≈≈≈≈≈≈∩#.oo!...#K≈
#≈≈≈≈≈≈≈~≈..####.......# #
≈≈≈≈≈≈~)(().#KK####'####
####.....$###o... ..
###...((# # .##
##.....o(#'# #.....⌠.@).#
$ ##.......()#
##...........#
####............
#############


You could see an orc warrior (unable to see you).

Vanquished Creatures
  Sigmund (D:2)
  Eustachio (D:6)
  A water moccasin (D:6)
  2 ice beasts
  6 orc warriors (Bailey)
  A black bear (D:6)
  An ogre (D:5)
  A centaur (D:5)
  3 bullfrogs (D:6)
  A scorpion (D:5)
  A howler monkey (D:3)
  2 hounds (D:6)
  A jelly (D:6)
  An orc priest (D:5)
  A sleepcap (D:5)
  2 iguanas
  An orc wizard (D:5)
  2 gnolls (Bailey)
  7 adders
  An ufetubus (D:4)
  5 worms
  3 dart slugs
  13 orcs
  3 bats
  7 endoplasms
  5 giant cockroaches
  9 goblins
  9 hobgoblins
  2 jackals (D:4)
  11 quokkas
  7 ball pythons
  5 frilled lizards
  16 kobolds
  8 rats
140 creatures vanquished.

Notes
Turn   | Place    | Note
-------+----------+-------------------------------------------
     0 | D:1      | qeuew the Gargoyle Fighter began the quest for the Orb.
     0 | D:1      | Reached XP level 1. HP: 14/14 MP: 1/1
   104 | D:1      | Reached XP level 2. HP: 19/19 MP: 2/2
   468 | D:1      | Reached XP level 3. HP: 23/23 MP: 3/3
  1054 | D:2      | Noticed Sigmund
  1075 | D:2      | Killed Sigmund
  1076 | D:2      | Reached skill level 1 in Dodging
  1076 | D:2      | Reached XP level 4. HP: 21/29 MP: 4/4
  1076 | D:2      | Reached XP level 5. HP: 24/33 MP: 5/5
  1194 | D:2      | Reached XP level 6. HP: 39/39 MP: 6/6
  1781 | D:2      | You fall into a shaft and drop 2 floors!
  1801 | D:3      | Found a shadowy altar of Dithmenos.
  2333 | D:3      | Noticed a +0 dagger
  2334 | D:3      | Noticed a +0 spear
  2334 | D:3      | Noticed a +0 short sword
  2335 | D:3      | Noticed a +0 spear
  2335 | D:3      | Noticed a +0 dagger
  2335 | D:3      | Noticed a +0 falchion
  2336 | D:3      | Noticed a +0 falchion
  2336 | D:3      | Noticed a +0 short sword
  2378 | D:3      | Found a hide-covered altar of Uskayaw.
  2701 | D:3      | Found an ancient bone altar of Kikubaaqudgha.
  3480 | D:5      | Entered Level 5 of the Dungeon
  3480 | D:5      | Noticed an ice beast
  3489 | D:5      | Killed an ice beast
  3490 | D:5      | Reached XP level 7. HP: 36/44 MP: 7/7
  3603 | D:5      | Found a staircase to the Ecumenical Temple.
  3607 | D:5      | Reached skill level 5 in Armour
  3607 | D:5      | Reached skill level 5 in Shields
  3614 | D:5      | Reached skill level 5 in Fighting
  3614 | D:5      | Reached skill level 1 in Evocations
  3630 | Temple   | Entered the Ecumenical Temple
  3664 | Temple   | Became a worshipper of Gozag Ym Sagoz the Greedy
  4364 | D:6      | Reached XP level 8. HP: 46/50 MP: 8/8
  4775 | D:6      | Noticed Eustachio
  4805 | D:6      | Killed Eustachio
  5034 | D:6      | Reached skill level 5 in Maces & Flails
  5384 | D:7      | Found a flagged portal.
  5420 | Bailey   | Entered a bailey
  5485 | Bailey   | Reached XP level 9. HP: 19/56 MP: 9/9
  5688 | Bailey   | Slain by an orc warrior

Illustrated notes

Levels and vault maps discovered:
D:1:      dpeg_arrival_orchard, layout_basic
D:2:      layout_basic, minmay_nonomino_d4, uniq_sigmund
D:3:      layout_basic, mainiacjoe_overflow_small_starburst,
          mainiacjoe_overflow_paths, nicolae_uskayaw_en_pointe,
          minmay_diced_spiral
D:4:      layout_rooms, minmay_misc_feat_doors
D:5:      layout_rooms, temple_statues, roderic_serpentine_path
D:6:      layout_cave_pods, uniq_eustachio
D:7:      minmay_cornered_nines, layout_basic, serial_glass, glass_columns_b,
          glass_columns_c, enter_bailey_5
Temple:   hellmonk_temple_of_storms
Bailey:   bailey_axe_4, bailey

Skill      XL: |  1  2  3  4  5  6  7  8 |
---------------+-------------------------+-----
Fighting       | 4 5 6 |  6.8
Maces & Flails | 3 4 5 |  5.7
Armour         | 4 5 6 |  6.8
Dodging        | 1 2 |  2.9
Shields        | 4 5 6 |  6.8
Evocations     | 1 2 |  2.5

Action                     |  1- 3 |  4- 6 |  7- 9 || total
---------------------------+-------+-------+-------++-------
  Melee: Flail             |   115 |   167 |   254 ||   536
  Evoke: Wand              |       |       |     1 ||     1
    Use: Potion            |     3 |     4 |     4 ||    11
         Scroll            |     1 |     9 |     4 ||    14
 Armour: Scale mail        |    67 |    83 |   135 ||   285
  Dodge: Dodged            |    51 |   135 |   302 ||   488
  Block: Buckler           |    17 |    49 |   114 ||   180

Table legend: (Time is in decaauts)
 A = Elapsed time spent in this place.
 B = Non-inter-level travel time spent in this place.
 C = Inter-level travel time spent in this place.
 D = Time resting spent in this place.
 E = Time spent auto-exploring this place.
 F = Levels seen in this place.
 G = Mean time per level.
                   A        B        C        D        E       F      G
               +--------+--------+--------+--------+--------+-----+--------+
         Total |   5820 |   5624 |    196 |    138 |   4256 |   9 |  646.7 |
       Dungeon |   5491 |   5304 |    187 |    135 |   4142 |   7 |  784.4 |
        Temple |     44 |     35 |      9 |      0 |     11 |   1 |   44.0 |
        Bailey |    283 |    283 |      0 |      3 |    103 |   1 |  283.0 |
               +--------+--------+--------+--------+--------+-----+--------+

Top non-repeatable levels by time:
     D:2: 1179 daAuts
     D:6: 1055 daAuts
     D:3: 985 daAuts
     D:1: 936 daAuts
     D:5: 830 daAuts
     D:4: 457 daAuts
  Bailey: 283 daAuts
     D:7: 46 daAuts
  Temple: 44 daAuts
